 Dungeon Crawl Stone Soup version 0.25-a0-435-g4b9beb1024 (webtiles) character file.

Game seed: 16456559562633703489, levelgen mode: deterministic

13249 Archen the Cleaver (level 11, -2/101 HPs)
             Began as a Minotaur Berserker on Jan 28, 2020.
             Was a High Priest of Trog.
             Slain by Fannar
             ... wielding an uncursed staff of cold
              (18 damage)
             ... on level 12 of the Dungeon.
             The game lasted 00:32:34 (10145 turns).

Archen the Cleaver (Minotaur Berserker)            Turns: 10145, Time: 00:32:35

Health: -2/101     AC: 20    Str: 34    XL:     11   Next: 73%
Magic:  10/10      EV: 12    Int:  4    God:    Trog [*****.]
Gold:   322        SH:  0    Dex: 10    Spells: 10/10 levels left

rFire    . . .     SeeInvis .   R - +4 executioner's axe (flame)
rCold    . . .     Gourm    .   (shield currently unavailable)
rNeg     . . .     Faith    .   q - +0 plate armour
rPois    .         Spirit   .   l - +2 hat
rElec    .         Reflect  .   (no cloak)
rCorr    .         Harm     +   N - +2 pair of gloves
MR       +++..                  (no boots)
Stlth    ..........             A - amulet of harm
HPRegen  1.26/turn              m - ring of protection from magic
MPRegen  0.12/turn              H - +4 ring of strength

@: mighty, regenerating, studying Short Blades
A: retaliatory headbutt, horns 2
a: Berserk, Trog's Hand, Brothers in Arms, Renounce Religion


You were on level 12 of the Dungeon.
You worshipped Trog.
Trog was extremely pleased with you.
You were very hungry.

You visited 1 branch of the dungeon, and saw 12 of its levels.

You collected 665 gold pieces.
You spent 343 gold pieces at shops.

Inventory:

Hand Weapons
 a - a +1 hand axe
 C - a +0 war axe
 L - the +1 battleaxe "Fotsutsa" {vorpal, Int+4}
   (Trog gifted it to you on level 9 of the Dungeon)

   It inflicts extra damage upon your enemies.
   It affects your intelligence (+4).
 R - a +4 executioner's axe of flaming (weapon)
Armour
 l - a +2 hat (worn)
 q - a +0 plate armour (worn)
 x - the +1 robe of the Hanged Man {rCorr Str-5 Slay+3, unknown}
   (You found it on level 5 of the Dungeon)

   It affects your strength (-5).
   It affects your accuracy and damage with ranged weapons and melee attacks
   (+3).
   It provides partial protection from all sources of acid and corrosion.
   If you switch to wearing this armour, your AC will fall 11 points (20 -> 9)
 N - a +2 pair of gloves (worn)
Jewellery
 m - a ring of protection from magic (left hand)
 o - an uncursed ring of fire
 y - an uncursed ring of fire
 A - an amulet of harm (around neck)
 B - the ring of Finidghi {rF- rC+ MR+ Dex+9 Stlth-}
   (You took it off a gnoll on level 8 of the Dungeon)

   [ring of protection from magic]

   It affects your dexterity (+9).
   It makes you vulnerable to fire.
   It protects you from cold.
   It affects your resistance to hostile enchantments.
   It makes you less stealthy.
 D - an uncursed ring of protection from fire
 G - an uncursed ring of ice
 H - a +4 ring of strength (right hand)
 O - an uncursed ring of magical power
Wands
 t - a wand of enslavement (20)
 v - a wand of iceblast (11)
 M - a wand of clouds (5)
Scrolls
 b - 4 scrolls of amnesia
 h - 11 scrolls of teleportation
 j - 8 scrolls of identify
 k - 11 scrolls of remove curse
 s - 2 scrolls of enchant armour
 u - a scroll of blinking
 w - 2 scrolls of immolation
 z - a scroll of magic mapping
 I - a scroll of noise {unknown}
 J - a scroll of vulnerability {unknown}
Potions
 d - 3 potions of curing
 e - 2 potions of agility
 f - 4 potions of lignification
 g - 5 potions of heal wounds {unknown}
 n - 4 potions of brilliance {unknown}
 p - 4 potions of mutation {unknown}
 r - 2 potions of degeneration {unknown}
 E - a potion of invisibility {unknown}
 P - a potion of cancellation {unknown}
Books
 K - a manual of Short Blades
Comestibles
 c - 22 rations
 i - 5 chunks of flesh


   Skills:
 - Level 10.4 Fighting
 * Level 14.7 Axes
 - Level 10.1 Armour
 - Level 9.3 Dodging


You had 10 spell levels left.
You didn't know any spells.
Your spell library was empty.

Dungeon Overview and Level Annotations

Branches:
Dungeon (12/15)            Temple (0/1) D:7            Lair (0/6) D:10
    Orc (0/2) D:11

Altars:
Ashenzari
Cheibriados
Dithmenos
Elyvilon
Gozag
Hepliaklqana
Nemelex Xobeh
Qazlal
Sif Muna
Trog
Uskayaw
Vehumet
Xom
Yredelemnul
Zin

Shops:
D:4 =   D:7 =   D:10 }?(}[

Annotations:
D:12 Fannar


Innate Abilities, Weirdness & Mutations

You reflexively headbutt those who attack you in melee.
You have a pair of horns on your head.


Message History

The bolt of cold hits you but does no damage.
Fannar closely misses you.
Your plate armour prevents you from hitting Fannar.
You headbutt Fannar!
Fannar is moderately wounded.
Fannar hits you but does no damage. Fannar freezes you.
You closely miss Fannar. Your headbutt misses Fannar.
Fannar is moderately wounded.
You recover from your berserk rage.
Fannar points at you and mumbles some strange words.
The bolt of cold hits you.
* * * LOW HITPOINT WARNING * * *
You feel very mighty all of a sudden. Fannar hits you but does no damage.
Fannar freezes you!
* * * LOW HITPOINT WARNING * * *
Your skin crawls.
You feel resistant to hostile enchantments.
You feel quite a bit more hungry. Fannar hits you but does no damage.
Fannar freezes you!
You die...

###########
..........#
.....$....#
.......$..#
....o..o.$#
....eeo...#
..ooo.))).# ####'#
##.@eo# #..#### #.##
#.# #.# ###'######
#####.........#
#...'.........#
########.###.........#


You could see Fannar and an orc.

Vanquished Creatures
  Erolcha (D:9)
  A centaur warrior (D:11)
  A two-headed ogre (D:11)
  The ghost of PeterQ the Covert, a novice VSMo of Wu Jian (D:8)
  The ghost of Elellon the Thaumaturge, a novice DECj of Vehumet (D:5)
  2 ugly things
  3 trolls
  A hornet (D:9)
  3 hippogriffs
  A meliai zombie (D:12)
  A vampire (D:9)
  9 yaks
  2 hungry ghosts (D:10)
  2 vampire mosquitoes (D:12)
  3 wargs (D:10)
  A soldier ant (D:9)
  Duvessa (D:6)
  3 water moccasins
  A hornet zombie (D:8)
  9 orc warriors
  4 black bears
  3 ice beasts
  A sky beast (D:10)
  2 ogres
  A necrophage (D:8)
  2 phantoms
  4 centaurs
  A big kobold (D:12)
  7 bullfrogs
  4 gnoll sergeants (D:8)
  A wyvern skeleton (D:11)
  4 scorpions
  Dowan (D:6)
  3 killer bees (D:11)
  3 wights (D:10)
  A howler monkey (D:4)
  5 crimson imps
  A bullfrog zombie (D:5)
  2 bullfrog skeletons
  3 hounds
  13 orc priests
  3 orc wizards
  A gnoll shaman (D:8)
  A centaur skeleton (D:10)
  3 iguanas
  8 worker ants
  A hound skeleton (D:4)
  4 gnolls (D:8)
  2 howler monkey skeletons
  3 worker ant zombies
  12 adders
  A shadow imp (D:6)
  An adder zombie (D:7)
  An adder skeleton (D:4)
  6 worms
  A dart slug (D:4)
  7 leopard geckos
  59 orcs
  3 giant cockroaches
  8 goblins
  4 hobgoblins
  8 jackals
  4 quokkas
  10 bats
  10 frilled lizards
  12 kobolds
  12 rats
298 creatures vanquished.

Vanquished Creatures (collateral kills)
  2 gnolls (D:8)
2 creatures vanquished.

Vanquished Creatures (others)
  6 plants (D:8)
6 creatures vanquished.

Grand Total: 306 creatures vanquished

Notes
Turn   | Place    | Note
-------+----------+-------------------------------------------
     0 | D:1      | Archen the Minotaur Berserker began the quest for the Orb.
     0 | D:1      | Reached XP level 1. HP: 19/19 MP: 0/0
   247 | D:1      | Reached XP level 2. HP: 27/27 MP: 1/1
   312 | D:1      | Reached skill level 4 in Axes
   391 | D:1      | Reached ** piety under Trog
   597 | D:1      | Reached XP level 3. HP: 33/33 MP: 2/2
  1923 | D:3      | Reached XP level 4. HP: 40/40 MP: 3/3
  1928 | D:3      | Found a hide-covered altar of Uskayaw.
  1929 | D:3      | Found an opulent altar of Gozag.
  1938 | D:3      | Noticed a +0 dagger
  1939 | D:3      | Noticed a +0 dagger
  2102 | D:3      | Reached *** piety under Trog
  2414 | D:3      | Found a glowing silver altar of Zin.
  2554 | D:4      | Reached skill level 5 in Axes
  2562 | D:4      | Reached XP level 5. HP: 31/47 MP: 4/4
  2566 | D:4      | Found a radiant altar of Vehumet.
  2970 | D:4      | Found Dyaxoat's Jewellery Shoppe.
  3152 | D:4      | Reached XP level 6. HP: 55/55 MP: 5/5
  3216 | D:4      | Reached skill level 6 in Axes
  3482 | D:4      | Reached skill level 5 in Fighting
  3693 | D:5      | Entered Level 5 of the Dungeon
  3740 | D:5      | Reached XP level 7. HP: 51/61 MP: 6/6
  3742 | D:5      | Found a shimmering altar of Xom.
  4004 | D:5      | Found a runed translucent door.
  4005 | D:5      | Noticed Elellon's ghost (novice DECj)
  4013 | D:5      | Got a fabulously ornate robe
  4030 | D:5      | Killed Elellon's ghost
  4030 | D:5      | Reached skill level 7 in Axes
  4030 | D:5      | Reached skill level 5 in Armour
  4057 | D:5      | Reached **** piety under Trog
  4103 | D:6      | Found a shadowy altar of Dithmenos.
  4125 | D:6      | Found a shimmering blue altar of Sif Muna.
  4130 | D:6      | Noticed Duvessa
  4131 | D:6      | Noticed Dowan
  4140 | D:6      | Killed Dowan
  4140 | D:6      | Reached skill level 5 in Dodging
  4140 | D:6      | Reached XP level 8. HP: 53/70 MP: 7/7
  4159 | D:6      | Killed Duvessa
  4159 | D:6      | Reached skill level 8 in Axes
  4625 | D:6      | Reached skill level 9 in Axes
  5218 | D:7      | Found Iceppaw's Jewellery Emporium.
  5492 | D:7      | Reached XP level 9. HP: 79/79 MP: 8/8
  5499 | D:7      | Found a sparkling altar of Nemelex Xobeh.
  5538 | D:7      | Found a staircase to the Ecumenical Temple.
  6169 | D:8      | Found a stormy altar of Qazlal.
  6201 | D:8      | Noticed a brown ugly thing
  6211 | D:8      | Killed a brown ugly thing
  6211 | D:8      | Reached skill level 10 in Axes
  6487 | D:8      | Found a white marble altar of Elyvilon.
  6534 | D:8      | Found a bloodstained altar of Trog.
  6598 | D:8      | Identified the cursed +0 scale mail of the Good {rElec rC-
                  | Dex+6 Stlth+}
  6598 | D:8      | Identified the +1 shield "Mootil" {rC- Int-3 SInv Stlth+}
  6623 | D:8      | Found a basalt altar of Yredelemnul.
  6957 | D:8      | Noticed PeterQ's ghost (novice VSMo)
  6970 | D:8      | Found a transporter.
  6970 | D:8      | Found a transporter.
  6974 | D:8      | Identified the ring of Finidghi {rF- rC+ MR+ Dex+9 Stlth-}
  7064 | D:8      | Found a hazy altar of Hepliaklqana.
  7064 | D:8      | Found a shadowy altar of Dithmenos.
  7087 | D:8      | Reached skill level 11 in Axes
  7256 | D:8      | Killed PeterQ's ghost
  7256 | D:8      | Reached XP level 10. HP: 51/90 MP: 9/9
  7354 | D:8      | HP: 4/135 [gnoll/+0 halberd (4)]
  7807 | D:9      | Reached ***** piety under Trog
  7807 | D:9      | Received a gift from Trog
  7810 | D:9      | Got a fine battleaxe {god gift}
  7811 | D:9      | Identified the +1 battleaxe "Fotsutsa" {vorpal, Int+4}
                  | (Trog gifted it to you on level 9 of the Dungeon)
  7973 | D:9      | Reached skill level 12 in Axes
  8001 | D:9      | Noticed Erolcha
  8007 | D:9      | Killed Erolcha
  8321 | D:9      | Found a snail-covered altar of Cheibriados.
  8441 | D:10     | Entered Level 10 of the Dungeon
  8441 | D:10     | Found a staircase to the Lair.
  8512 | D:10     | Found Mamune's Gadget Boutique.
  8516 | D:10     | Found Fataaxud's Magic Scroll Shop.
  8526 | D:10     | Bought a scroll of enchant weapon for 112 gold pieces
  8526 | D:10     | Found Bamy Dyo's Gadget Shop.
  8613 | D:10     | Found Birriuk's Weapon Boutique.
  8824 | D:10     | Found Fashrirch's Armour Shoppe.
  8838 | D:10     | Bought a +2 pair of gloves for 231 gold pieces
  8897 | D:10     | Reached XP level 11. HP: 95/99 MP: 10/10
  8954 | D:10     | Reached skill level 13 in Axes
  9067 | D:11     | Reached skill level 10 in Fighting
  9226 | D:11     | Received a gift from Trog
  9248 | D:11     | Found a staircase to the Orcish Mines.
  9277 | D:11     | Noticed a white ugly thing
  9284 | D:11     | Killed a white ugly thing
  9669 | D:11     | Reached skill level 10 in Armour
  9760 | D:11     | Noticed a centaur warrior
  9764 | D:11     | Killed a centaur warrior
  9872 | D:11     | Found a shattered altar of Ashenzari.
  9954 | D:11     | Noticed a two-headed ogre
  9955 | D:11     | Killed a two-headed ogre
  9955 | D:11     | Reached skill level 14 in Axes
 10096 | D:12     | Noticed Fannar
 10145 | D:12     | Slain by Fannar

Levels and vault maps discovered:
D:1:      lightli_arrival_farm, layout_loops_ring
D:2:      layout_loops_corners, first_ration
D:3:      layout_basic, dancing_weapons_uskayaw, marbit_many_paths,
          nicolae_gozag_cash_rules_everything_around_me
D:4:      layout_basic, old_standard_altar, serial_shops, shop_statue,
          minmay_misc_feat_alley
D:5:      layout_rooms, basic_altar, ebering_ghost_sewer_d
D:6:      layout_basic, kennysheep_mini_moat, chequers_garden,
          nicolae_dithmenos_through_a_glass_darkly, uniq_duvessa
D:7:      layout_loops_corners, kennysheep_little_box, lemuel_temple_firewalk_b,
          serial_shops, shop
D:8:      layout_basic, nicolae_qazlal_eye_of_the_storm, trog_ov_bears_minmay,
          kennysheep_ying_yang, gammafunk_temple_overflow_statue,
          gammafunk_ghost_gnarly_gnolls
D:9:      layout_roguey, cheibriados_altar_1, hangedman_pestilent_swarm,
          grunt_decor_fettered, billiards_dpeg, uniq_erolcha
D:10:     layout_loops_cross, erik_lair_orcish_takeover, serial_shops,
          nicolae_shop_crystal, nicolae_shop_trees, shop,
          nicolae_shop_competitors_out_of_business, shop, serial_bayou_crossing
D:11:     layout_irregular_city, hiddenorc1_lemuel, minmay_misc_feat_enclosed,
          ashenzari_altar_1
D:12:     layout_roguey [special_room_orc], uniq_kirke, uniq_fannar,
          uniq_maurice, uniq_urug

Skill      XL: |  1  2  3  4  5  6  7  8  9 10 11 |
---------------+----------------------------------+-----
Axes           | 4 5 6 7 9 11 12 14 | 14.7
Fighting       | 4 5 6 7 8 9 10 | 10.4
Armour         | 3 4 5 6 8 9 10 | 10.1
Dodging        | 3 4 5 6 7 8 9 |  9.3

Action                   |  1- 3 |  4- 6 |  7- 9 | 10-12 || total
-------------------------+-------+-------+-------+-------++-------
Melee: Hand axe          |   114 |   128 |   151 |       ||   393
       Headbutt          |    13 |    22 |    43 |    43 ||   121
       War axe           |       |       |    89 |    23 ||   112
       Battleaxe         |       |       |       |   139 ||   139
       Executioner's axe |       |       |       |    83 ||    83
Invok: Berserk           |       |     1 |     1 |     3 ||     5
       Trog's Hand       |       |       |       |     1 ||     1
  Use: Scroll            |     1 |     4 |     5 |     3 ||    13
       Potion            |       |       |       |     3 ||     3
  Eat: Chunk             |     3 |     7 |    12 |    15 ||    37
Armor: Ring mail         |    35 |       |       |       ||    35
       Animal skin       |     1 |       |       |       ||     1
       Plate armour      |    11 |    74 |   132 |   130 ||   347
       Skin              |       |       |       |     8 ||     8
Dodge: Dodged            |    71 |    62 |   105 |   151 ||   389

Table legend:
 A = Non-vault XP
 B = Vault XP
 C = Vault XP percentage of total XP
 D = Non-vault monster count
 E = Vault monster count
 F = Vault count percentage of total count
                 A         B        C        D         E       F
            +---------+---------+-------+---------+---------+-------
      Total |   13043 |    5885 |  31.1 |     222 |      78 |  26.0
            +---------+---------+-------+---------+---------+-------
        D:1 |      43 |       0 |   0.0 |      28 |       0 |   0.0
        D:2 |      40 |       0 |   0.0 |      22 |       0 |   0.0
        D:3 |      52 |       3 |   5.5 |      14 |       1 |   6.7
        D:4 |     433 |       0 |   0.0 |      26 |       0 |   0.0
        D:5 |     239 |     593 |  71.3 |       7 |       2 |  22.2
        D:6 |     842 |     210 |  20.0 |      19 |       2 |   9.5
        D:7 |     400 |       0 |   0.0 |      11 |       0 |   0.0
        D:8 |    1940 |    1453 |  42.8 |      19 |      14 |  42.4
        D:9 |    1189 |    1710 |  59.0 |       8 |       8 |  50.0
       D:10 |    1661 |     616 |  27.1 |      19 |       8 |  29.6
       D:11 |    5493 |     215 |   3.8 |      38 |      17 |  30.9
       D:12 |     711 |    1085 |  60.4 |      11 |      26 |  70.3
            +---------+---------+-------+---------+---------+-------
